BR (22 & UNDER)
ATLANTIC CITY WAR DOGS @ WASHINGTON DC HOT SAUCE
07/23/2030
 
TOP OF THE 1ST
Atlantic City War Dogs batting - Pitching for Washington DC Hot Sauce : RHP Jorge Bonella
Pitching: RHP Jorge Bonella
Batting: LHB Carl Childs 0-0: Called Strike
0-1: Ground out 6-3 (Groundball, 6M)
Batting: SHB Pedro Torres 0-0: Swinging Strike
0-1: Swinging Strike
0-2: Strikes out swinging
Batting: LHB Tomás Mata 0-0: Ground out 4-3 (Groundball, 4)
Top of the 1st over - 0 runs, 0 hits, 0 errors, 0 left on base; Atlantic City 0 - Washington DC 0
BOTTOM OF THE 1ST
Washington DC Hot Sauce batting - Pitching for Atlantic City War Dogs : RHP Lonnie Dodson
Pitching: RHP Lonnie Dodson
Batting: RHB Bill Tremblay 0-0: Foul Ball, location: 2F
0-1: Ground out 6-3 (Groundball, 6)
Batting: LHB Eric Chávez 0-0: Ball
1-0: Called Strike
1-1: Foul Ball, location: 2F
1-2: Ball
2-2: Foul Ball, location: 2F
2-2: Ball
3-2: Foul Ball, location: 2F
3-2: Base on Balls
Batting: SHB John Fullerton 0-0: Called Strike
0-1: Called Strike
0-2: Ball
1-2: DOUBLE (Line Drive, 89D)
Eric Chávez to third
Batting: LHB Alonso Herrera 0-0: Called Strike
0-1: Ball
1-1: Fly out, F8 (Flyball, 8LS)
Runner from 3rd tags up, SCORES, no throw
Batting: LHB Jim Hutchinson 0-0: Ball
1-0: Called Strike
1-1: Ground out 6-3 (Groundball, 6)
Bottom of the 1st over - 1 run, 1 hit, 0 errors, 1 left on base; Atlantic City 0 - Washington DC 1
TOP OF THE 2ND
Atlantic City War Dogs batting - Pitching for Washington DC Hot Sauce : RHP Jorge Bonella
Batting: LHB Matt Clark 0-0: Swinging Strike
0-1: Ball
1-1: Foul Ball, location: 2F
1-2: Ball
2-2: Ball
3-2: SINGLE (Line Drive, 9LS)
Batting: SHB Brian Estes 0-0: Ball
1-0: Called Strike
1-1: Ball
2-1: SINGLE (Groundball, 34) (infield hit)
Matt Clark to second
Batting: LHB Chris Martin 0-0: Called Strike
0-1: Called Strike
0-2: DOUBLE (Flyball, 89D)
Matt Clark scores
Brian Estes to third
Batting: RHB Ed Vega 0-0: Ball
1-0: Swinging Strike
1-1: Ball
2-1: Ball
3-1: Base on Balls
Batting: RHB José Corral 0-0: Called Strike
0-1: Called Strike
0-2: Ball
1-2: Foul Ball, location: 2F
1-2: SINGLE (Line Drive, 8RS)
Brian Estes scores
Chris Martin to third
Ed Vega to second
Batting: RHB Roberto García 0-0: Ball
1-0: Foul Ball, location: 2F
1-1: Ball
2-1: Foul Ball, location: 2F
2-2: Ball
3-2: Strikes out swinging
Batting: LHB Carl Childs 0-0: Ball
1-0: Fielders Choice at 2nd, 6-4 (Groundball, 56D)
Chris Martin scores
Ed Vega to third
Batting: SHB Pedro Torres 0-0: Called Strike
0-1: SINGLE (Line Drive, 7LS)
Ed Vega scores
Carl Childs to second
Batting: LHB Tomás Mata 0-0: Ball
1-0: Called Strike
1-1: Foul Ball, location: 2F
1-2: SINGLE (Groundball, 6MD)
Carl Childs to third
Pedro Torres to second
Runner from 3rd tries for Home, SAFE, throw made home
Batting: LHB Matt Clark 0-0: Ball
1-0: Fly out, F5 (Popup, 5SF)
Top of the 2nd over - 5 runs, 6 hits, 0 errors, 2 left on base; Atlantic City 5 - Washington DC 1
BOTTOM OF THE 2ND
Washington DC Hot Sauce batting - Pitching for Atlantic City War Dogs : RHP Lonnie Dodson
Batting: RHB Alonso Rangel 0-0: Called Strike
0-1: Ball
1-1: Ball
2-1: Fly out, F3 (Popup, 3F)
Batting: RHB César Fuentes 0-0: Ball
1-0: Ball
2-0: Foul Ball, location: 2F
2-1: Swinging Strike
2-2: Strikes out swinging
Batting: RHB Lorenzo Ortíz 0-0: Called Strike
0-1: Foul Ball, location: 2F
0-2: Ball
1-2: Fly out, F9 (Line Drive, 9S)
Bottom of the 2nd over - 0 runs, 0 hits, 0 errors, 0 left on base; Atlantic City 5 - Washington DC 1
TOP OF THE 3RD
Atlantic City War Dogs batting - Pitching for Washington DC Hot Sauce : RHP Jorge Bonella
Batting: SHB Brian Estes 0-0: Ball
1-0: DOUBLE (Flyball, 89XD)
Batting: LHB Chris Martin 0-0: Fly out, F7 (Flyball, 7S)
Batting: RHB Ed Vega 0-0: Ball
1-0: Swinging Strike
1-1: Foul Ball, location: 2F
1-2: Ball
2-2: Ball
3-2: SINGLE (Groundball, 34) (infield hit)
Brian Estes to third
Pitching: LHP Gilbert Burris
Batting: RHB José Corral 0-0: Ball
1-0: Ball
2-0: Ball
3-0: Base on Balls
Ed Vega to second
Batting: RHB Roberto García 0-0: Ball
1-0: Foul Ball, location: 2F
1-1: Fly out, F9 (Flyball, 9LSF)
Runner from 3rd tags up, SCORES, no throw
Batting: RHB Juan Sepúlveda 0-0: Called Strike
0-1: Foul Ball, location: 2F
0-2: Ball
1-2: Ball
2-2: Foul Ball, location: 2F
2-2: Strikes out swinging
Top of the 3rd over - 1 run, 2 hits, 0 errors, 2 left on base; Atlantic City 6 - Washington DC 1
BOTTOM OF THE 3RD
Washington DC Hot Sauce batting - Pitching for Atlantic City War Dogs : RHP Lonnie Dodson
Batting: RHB Chris Harper 0-0: Ball
1-0: Foul Ball, location: 2F
1-1: SINGLE (Flyball, 7S)
Batting: RHB Bill Tremblay 0-0: Called Strike
0-1: Swinging Strike
0-2: Ball
1-2: Ground out 5-3 (Groundball, 56)
Chris Harper to second
Batting: LHB Eric Chávez 0-0: Ground out 6-3 (Groundball, 6)
Batting: SHB John Fullerton 0-0: Ball
1-0: Ball
2-0: Ball
3-0: Called Strike
3-1: Foul Ball, location: 2F
3-2: Base on Balls
Batting: LHB Alonso Herrera 0-0: Called Strike
0-1: Ball
1-1: SINGLE (Line Drive, 7LS)
Chris Harper to third
John Fullerton to second
Runner from 3rd tries for Home, SAFE, no throw
Batting: LHB Jim Hutchinson 0-0: Called Strike
0-1: Ball
1-1: Ball
2-1: Swinging Strike
2-2: Ball
3-2: Base on Balls
John Fullerton to third
Alonso Herrera to second
Batting: RHB Alonso Rangel 0-0: Called Strike
0-1: Ball
1-1: Swinging Strike
1-2: Ball
2-2: Strikes out looking
Bottom of the 3rd over - 1 run, 2 hits, 0 errors, 3 left on base; Atlantic City 6 - Washington DC 2
TOP OF THE 4TH
Atlantic City War Dogs batting - Pitching for Washington DC Hot Sauce : LHP Gilbert Burris
Batting: SHB Pedro Torres 0-0: DOUBLE (Flyball, 8LXD)
Batting: LHB Tomás Mata 0-0: Ground out 4-3 (Groundball, 4)
Pedro Torres to third
Batting: LHB Matt Clark 0-0: Ball
1-0: Called Strike
1-1: Fly out, F9 (Flyball, 9S)
Runner from 3rd tags up, OUT at HOME
Top of the 4th over - 0 runs, 1 hit, 0 errors, 0 left on base; Atlantic City 6 - Washington DC 2
BOTTOM OF THE 4TH
Washington DC Hot Sauce batting - Pitching for Atlantic City War Dogs : RHP Lonnie Dodson
Batting: RHB César Fuentes 0-0: Foul Ball, location: 2F
0-1: Foul Ball, location: 2F
0-2: Strikes out swinging
Batting: RHB Lorenzo Ortíz 0-0: Called Strike
0-1: SINGLE (Line Drive, 8LS)
Batting: RHB Chris Harper 0-0: Ball
Wild Pitch!
Lorenzo Ortíz to second
1-0: Fly out, F7 (Flyball, 7)
Batting: RHB Bill Tremblay 0-0: Ball
1-0: Ball
2-0: Called Strike
2-1: Called Strike
2-2: Strikes out swinging
Bottom of the 4th over - 0 runs, 1 hit, 0 errors, 1 left on base; Atlantic City 6 - Washington DC 2
TOP OF THE 5TH
Atlantic City War Dogs batting - Pitching for Washington DC Hot Sauce : LHP Gilbert Burris
Batting: SHB Brian Estes 0-0: Called Strike
0-1: Foul Ball, location: 2F
0-2: Ball
1-2: Ball
2-2: Foul Ball, location: 2F
2-2: Ground out 6-3 (Groundball, 6)
Batting: LHB Chris Martin 0-0: Ball
1-0: Ball
2-0: Called Strike
2-1: Foul Ball, location: 2F
2-2: Ball
3-2: SINGLE (Groundball, 4MD)
Batting: RHB Ed Vega 0-0: Foul Ball, location: 2F
0-1: Ball
1-1: SINGLE (Groundball, 56D)
Chris Martin to second
Batting: RHB José Corral 0-0: SINGLE (Line Drive, 7LM)
Chris Martin to third
Ed Vega to second
Runner from 3rd tries for Home, SAFE, throw made home
Batting: RHB Roberto García 0-0: Called Strike
0-1: Ball
1-1: Grounds into double play, 6-4-3 (Groundball, 56)
Top of the 5th over - 1 run, 3 hits, 0 errors, 1 left on base; Atlantic City 7 - Washington DC 2
BOTTOM OF THE 5TH
Washington DC Hot Sauce batting - Pitching for Atlantic City War Dogs : RHP Lonnie Dodson
Batting: LHB Eric Chávez 0-0: Ball
1-0: Swinging Strike
1-1: Ball
2-1: Ball
3-1: Base on Balls
Batting: SHB John Fullerton 0-0: Called Strike
0-1: Ground out 4-3 (Groundball, 4D)
Eric Chávez to second
Batting: LHB Alonso Herrera 0-0: Ball
1-0: Ball
2-0: Called Strike
2-1: Foul Ball, location: 2F
2-2: Foul Ball, location: 2F
2-2: Fly out, F7 (Flyball, 7)
Batting: LHB Jim Hutchinson 0-0: DOUBLE (Line Drive, 7LM)
Eric Chávez scores
Batting: RHB Alonso Rangel 0-0: Ball
1-0: Ball
2-0: Swinging Strike
2-1: Ground out 6-3 (Groundball, 6)
Bottom of the 5th over - 1 run, 1 hit, 0 errors, 1 left on base; Atlantic City 7 - Washington DC 3
TOP OF THE 6TH
Atlantic City War Dogs batting - Pitching for Washington DC Hot Sauce : LHP Gilbert Burris
Batting: RHB Juan Sepúlveda 0-0: Ground out 5-3 (Groundball, 25)
Batting: SHB Pedro Torres 0-0: Ball
1-0: Ground out 5-3 (Groundball, 56)
Batting: LHB Tomás Mata 0-0: Ball
1-0: Ball
2-0: Ball
3-0: Base on Balls
Batting: LHB Matt Clark 0-0: SINGLE (Flyball, 78S)
Tomás Mata to second
Batting: SHB Brian Estes 0-0: Called Strike
0-1: Fly out, F8 (Flyball, 8LS)
Top of the 6th over - 0 runs, 1 hit, 0 errors, 2 left on base; Atlantic City 7 - Washington DC 3
BOTTOM OF THE 6TH
Washington DC Hot Sauce batting - Pitching for Atlantic City War Dogs : RHP Lonnie Dodson
Batting: RHB César Fuentes 0-0: Called Strike
0-1: Ground out U3 (Groundball, 34)
Batting: RHB Lorenzo Ortíz 0-0: Called Strike
0-1: Foul Ball, location: 2F
0-2: Ball
1-2: Ground out 4-3 (Groundball, 34)
Batting: RHB Chris Harper 0-0: Foul Ball, location: 2F
0-1: Ball
1-1: Swinging Strike
1-2: Strikes out swinging
Bottom of the 6th over - 0 runs, 0 hits, 0 errors, 0 left on base; Atlantic City 7 - Washington DC 3
TOP OF THE 7TH
Atlantic City War Dogs batting - Pitching for Washington DC Hot Sauce : LHP Gilbert Burris
Batting: LHB Chris Martin 0-0: Foul Ball, location: 2F
0-1: Foul Ball, location: 2F
0-2: Foul Ball, location: 2F
0-2: Ground out U3 (Groundball, 34)
Batting: RHB Ed Vega 0-0: Fly out, F7 (Flyball, 78XD)
Batting: RHB José Corral 0-0: Ball
1-0: Called Strike
1-1: Swinging Strike
1-2: Ball
2-2: Ground out 6-3 (Groundball, 6MS)
Top of the 7th over - 0 runs, 0 hits, 0 errors, 0 left on base; Atlantic City 7 - Washington DC 3
BOTTOM OF THE 7TH
Washington DC Hot Sauce batting - Pitching for Atlantic City War Dogs : RHP Lonnie Dodson
Batting: RHB Bill Tremblay 0-0: Called Strike
0-1: Ball
1-1: Called Strike
1-2: Strikes out swinging
Batting: LHB Eric Chávez 0-0: Called Strike
0-1: Ball
1-1: Foul Ball, location: 2F
1-2: Foul Ball, location: 2F
1-2: Fly out, F6 (Popup, 6)
Batting: SHB John Fullerton 0-0: Fly out, F9 (Line Drive, 9)
Bottom of the 7th over - 0 runs, 0 hits, 0 errors, 0 left on base; Atlantic City 7 - Washington DC 3
TOP OF THE 8TH
Atlantic City War Dogs batting - Pitching for Washington DC Hot Sauce : LHP Gilbert Burris
Batting: RHB Roberto García 0-0: Ground out 4-3 (Groundball, 4)
Batting: RHB Juan Sepúlveda 0-0: Called Strike
0-1: Foul Ball, location: 2F
0-2: Ground out 1-3 (Groundball, 13)
Batting: SHB Pedro Torres 0-0: Ball
1-0: Swinging Strike
1-1: Ball
2-1: Ground out 1-3 (Groundball, 15)
Top of the 8th over - 0 runs, 0 hits, 0 errors, 0 left on base; Atlantic City 7 - Washington DC 3
BOTTOM OF THE 8TH
Washington DC Hot Sauce batting - Pitching for Atlantic City War Dogs : RHP Lonnie Dodson
Pitching: RHP Bernardo Herrera
Batting: LHB Alonso Herrera 0-0: Ball
1-0: Ball
2-0: Called Strike
2-1: Ball
3-1: Foul Ball, location: 2F
3-2: TRIPLE (Flyball, 9D)
Batting: LHB Jim Hutchinson 0-0: Ball
1-0: Ground out U3 (Groundball, 3)
Batting: RHB Alonso Rangel 0-0: SINGLE (Line Drive, 7LS)
Alonso Herrera scores
Batting: RHB César Fuentes 0-0: Ball
1-0: Ball
2-0: Foul Ball, location: 2F
2-1: Called Strike
2-2: Strikes out swinging
Batting: RHB Lorenzo Ortíz 0-0: Called Strike
0-1: Fielders Choice at 2nd, 5-4 (Groundball, 56)
Bottom of the 8th over - 1 run, 2 hits, 0 errors, 1 left on base; Atlantic City 7 - Washington DC 4
TOP OF THE 9TH
Atlantic City War Dogs batting - Pitching for Washington DC Hot Sauce : LHP Gilbert Burris
Pitching: RHP Lyndon Dixon
Batting: LHB Tomás Mata 0-0: Foul Ball, location: 2F
0-1: Swinging Strike
0-2: Ball
1-2: SOLO HOME RUN (Flyball, 9LD), Distance : 341 ft
Batting: LHB Matt Clark 0-0: Called Strike
0-1: Ground out U3 (Groundball, 3L)
Batting: SHB Brian Estes 0-0: Called Strike
0-1: Ball
1-1: Ball
2-1: Ball
3-1: Base on Balls
Batting: LHB Chris Martin 0-0: Ball
1-0: Foul Ball, location: 2F
1-1: Ball
2-1: Swinging Strike
2-2: Strikes out swinging
Batting: RHB Ed Vega 0-0: Called Strike
0-1: Called Strike
0-2: Strikes out swinging
Top of the 9th over - 1 run, 1 hit, 0 errors, 1 left on base; Atlantic City 8 - Washington DC 4
BOTTOM OF THE 9TH
Washington DC Hot Sauce batting - Pitching for Atlantic City War Dogs : RHP Bernardo Herrera
Batting: RHB Chris Harper 0-0: Ball
1-0: Swinging Strike
1-1: Ball
2-1: Ball
3-1: SOLO HOME RUN (Line Drive, 7LD), Distance : 361 ft
Pitching: RHP Cisco Arrojo
Batting: RHB Bill Tremblay 0-0: Foul Ball, location: 2F
0-1: Ball
1-1: SINGLE (Flyball, 9LS)
Batting: LHB Eric Chávez 0-0: Swinging Strike
0-1: Fielders Choice at 2nd, 5-4 (Groundball, 5)
Batting: SHB John Fullerton 0-0: Ball
1-0: Ball
2-0: Ball
3-0: Called Strike
3-1: Fly out, F3 (Line Drive, 3)
Batting: LHB Alonso Herrera 0-0: Ball
1-0: Called Strike
1-1: Ball
2-1: Foul Ball, location: 2F
2-2: Foul Ball, location: 2F
2-2: Ball
3-2: Fly out, F7 (Flyball, 7LS)
Bottom of the 9th over - 1 run, 2 hits, 0 errors, 1 left on base; Atlantic City 8 - Washington DC 5
Saturday, April 7th, 2018 - OOTP Baseball 18.8 Build 76